 Dungeon Crawl Stone Soup version 0.21-a0-538-gd16b88a (webtiles) character file.

16 slep the Chopper (level 2, 0/16 HPs)
             Began as a Vine Stalker Monk on Dec 17, 2017.
             Slain by a goblin
             ... wielding a +1 dagger of venom
              (1 damage)
             ... on level 1 of the Dungeon.
             The game lasted 00:01:45 (220 turns).

slep the Chopper (Vine Stalker Monk)                 Turns: 220, Time: 00:01:45

Health: 0/16       AC:  3    Str: 13    XL:     2   Next: 58%
Magic:  0/3        EV: 13    Int: 10    God:
Gold:   11         SH:  0    Dex: 16    Spells: 1/1 levels left

rFire    . . .     SeeInvis .   a - +0 hand axe
rCold    . . .     Gourm    .   (no shield)
rNeg     . . .     Faith    .   b - +0 robe
rPois    .         Spirit   +   f - +0 helmet
rElec    .         Reflect  .   (no cloak)
rCorr    .         Harm     .   (no gloves)
MR       .....                  (no boots)
Stlth    ++........             (no amulet)
HPRegen  0.05/turn              (no ring)
MPRegen  0.08/turn              (no ring)

@: lethally poisoned (0 -> -10), hasted, very quick
A: fangs 2, magic shield, antimagic bite, no potion heal 3, rot immunity
a: no special abilities


You were on level 1 of the Dungeon.
You were not hungry.

You visited 1 branch of the dungeon, and saw 1 of its levels.

You collected 11 gold pieces.

Inventory:

Hand Weapons
 a - a +0 hand axe (weapon)
Armour
 b - a +0 robe (worn)
 f - a +0 helmet (worn)
Scrolls
 d - 2 scrolls of identify {unknown}
 e - a scroll of random uselessness {unknown}
 g - a scroll of fog {unknown}
 k - a scroll of remove curse {unknown}
Potions
 j - a potion of agility {unknown}
Comestibles
 c - a bread ration
 i - a chunk of flesh


   Skills:
 + Level 2.9 Fighting
 + Level 3.1 Axes
 + Level 2.5 Dodging
 + Level 2.6 Stealth


You had one spell level left.
You didn't know any spells.

Dungeon Overview and Level Annotations

Branches:
Dungeon (1/15)

Altars:


Innate Abilities, Weirdness & Mutations

You have extremely sharp teeth.
When hurt, damage is shared between your health and your magic reserves.
Your bite disrupts and absorbs the magic of your enemies.
Potions cannot restore your health.
You are immune to rotting.


Message History

You bite the giant cockroach, but do no damage.
The giant cockroach is almost dead.
The giant cockroach bites you.
You barely miss the giant cockroach.
The giant cockroach is almost dead.
The giant cockroach barely misses you.
The giant cockroach completely misses you.
You hit the giant cockroach.
You kill the giant cockroach!
The goblin hits you with a dagger of venom.
You closely miss the goblin. The goblin hits you but does no damage.
You are lethally poisoned!
You hit the goblin but do no damage.
* * * LOW HITPOINT WARNING * * *
You feel sick. The goblin barely misses you.
It was a potion of haste.
You feel yourself speed up.
* * * LOW HITPOINT WARNING * * *
You feel sick.
The goblin hits you with a dagger of venom.
You die...

.....(....#.#.#
#......#......#
#.....)...#
#.......#
###>..[#..# #
#.........##
###.#####.#..#.....#
#......##..........#
#.....rg@.#..##....#
#.....w##.#......#.#
#......##...####.###
#......####.####.).#
#......# #.....##.#
#......# #####.##†#
#......########.##.#
#########..........#
#.........##


You could see a dart slug, a goblin and a rat.

Vanquished Creatures
  An ooze (D:1)
  A leopard gecko (D:1)
  2 giant cockroaches (D:1)
  2 hobgoblins (D:1)
  A bat (D:1)
  A goblin (D:1)
  4 rats (D:1)
  4 toadstools (D:1)
16 creatures vanquished.

Notes
Turn   | Place    | Note
-------+----------+-------------------------------------------
     0 | D:1      | slep the Vine Stalker Monk began the quest for the Orb.
     0 | D:1      | Reached XP level 1. HP: 11/11 MP: 2/2
    66 | D:1      | Reached XP level 2. HP: 6/16 MP: 3/3
   123 | D:1      | Reached skill level 3 in Axes
   220 | D:1      | Slain by a goblin

Vault maps used:
D:1:      ldierk_water_garden

Skill      XL: |  1  2 |
---------------+-------+-----
Axes           | 3 |  3.1
Fighting       | |  2.9
Dodging        | |  2.5
Stealth        | |  2.6

Action                   || total
-------------------------++-------
Melee: Hand axe          ||    37
       Bite              ||     9
  Use: Potion            ||     1
 Stab: Sleeping          ||     3
Armor: Robe              ||     2
Dodge: Dodged            ||    14

Table legend:
 A = Spawn XP
 B = Non-spawn XP
 C = Spawn XP percentage of total XP
 D = Spawn monster count
 E = Non-spawn monster count
 F = Spawn count percentage of total count
 G = Total turns spent on level
                    A         B        C        D         E        F      G
               +---------+---------+-------+---------+---------+-------+---------
         Total |       0 |      24 |   0.0 |       0 |      12 |   0.0 |   220
               +---------+---------+-------+---------+---------+-------+---------
           D:1 |       0 |      24 |   0.0 |       0 |      12 |   0.0 |   220
               +---------+---------+-------+---------+---------+-------+---------
